 Dungeon Crawl Stone Soup version 0.23.0 (webtiles) character file.

Game seed: 8035953829527502924

59 redwoodhats the Grave Robber (level 3, 0/28 HPs)
             Began as a Deep Dwarf Necromancer on Feb 11, 2019.
             Slain by a scorpion (6 damage)
             ... on level 3 of the Dungeon.
             The game lasted 00:11:25 (2066 turns).

redwoodhats the Grave Robber (DDNe)                 Turns: 2066, Time: 00:11:26

Health: 0/28       AC:  2    Str: 11    XL:     3   Next: 78%
Magic:  3/6        EV: 16    Int: 16    God:
Gold:   69         SH:  0    Dex: 13    Spells: 1/6 levels left

rFire    . . .     SeeInvis .   (no weapon)
rCold    . . .     Gourm    .   (no shield)
rNeg     . . .     Faith    .   a - +0 robe
rPois    .         Spirit   .   (no helmet)
rElec    .         Reflect  .   (no cloak)
rCorr    .         Harm     .   (no gloves)
MR       .....                  (no boots)
Stlth    ++........             (no amulet)
HPRegen  0.00/turn              e - +3 ring of evasion
MPRegen  0.10/turn              (no ring)

@: lethally poisoned (0 -> 0), non-regenerating
A: damage resistance, heal wounds, sense surroundings 1, no regeneration
a: Heal Wounds


You were on level 3 of the Dungeon.
You were not hungry.

You visited 1 branch of the dungeon, and saw 3 of its levels.

You collected 69 gold pieces.

Inventory:

Armour
 a - a +0 robe (worn)
Jewellery
 e - a +3 ring of evasion (left hand)
Potions
 f - a potion of flight
Comestibles
 b - a chunk of flesh
 c - 4 rations


   Skills:
 + Level 2.4 Dodging
 + Level 2.6 Stealth
 + Level 0.3 Unarmed Combat
 + Level 2.4 Spellcasting
 + Level 5.2 Necromancy


You had one spell level left.
You knew the following spells:

 Your Spells              Type           Power        Failure   Level  Hunger
a - Pain                  Necr           ###.         2%          1    #......
b - Animate Skeleton      Necr           N/A          2%          1    #......
c - Vampiric Draining     Necr           ###.......   7%          3    ###....

Your spell library contained the following spells:

 Spells                   Type           Power        Failure   Level  Hunger
 Animate Dead             Necr           N/A          22%         4    #####..
 Regeneration             Chrm/Necr      Unusable     N/A         3    N/A

Dungeon Overview and Level Annotations

Branches:
Dungeon (3/15)

Altars:
Elyvilon
Qazlal


Innate Abilities, Weirdness & Mutations

You are resistant to damage.
You can heal yourself by infusing magical energy.
You passively map a small area around you.
You do not regenerate.


Message History

The worker ant is severely wounded.
The worker ant closely misses you.
You hit the worker ant.
The worker ant is severely wounded.
The worker ant closely misses you. The worker ant bites you.
* * * LOW HITPOINT WARNING * * *
You hit the worker ant but do no damage.
The worker ant is severely wounded.
The worker ant closely misses you.
You hit the worker ant.
The worker ant is almost dead.
The worker ant bites you.
* * * LOW HITPOINT WARNING * * *
You hit the worker ant but do no damage.
The worker ant is almost dead.
The worker ant bites you but does no damage.
You barely miss the worker ant.
The worker ant is almost dead.
The worker ant barely misses you. The scorpion stings you!
You die...

#..§#^^.≈^#^^..#
#.≈.......^^≈#.#
#§....._.......#
##≈..^≈.§§§.§..#
#^##.≈(^§.#.#'######
#.#^#...§^#≈.!.....#.
**
#.^§#^.≈..#..........
,
##≈^≈..§.§≈..?.....#.
, ####.#...@s...(..#*
#.....a.......#* ,
###...........# ,
#########...# , ...#
* *...# * , ..# * * *
* *, ≈


You could see a scorpion and a worker ant.

Vanquished Creatures
  2 adders (D:2)
  2 oozes (D:1)
  A dart slug (D:2)
  2 giant cockroaches
  4 goblins
  3 hobgoblins
  A quokka (D:2)
  3 bats
  3 frilled lizards (D:1)
  5 kobolds
  4 rats
30 creatures vanquished.

Vanquished Creatures (collateral kills)
  A goblin (D:2)
  A hobgoblin (D:2)
  A rat (D:2)
3 creatures vanquished.

Grand Total: 33 creatures vanquished

Notes
Turn   | Place    | Note
-------+----------+-------------------------------------------
     0 | D:1      | redwoodhats the Deep Dwarf Necromancer began the quest for
                  | the Orb.
     0 | D:1      | Reached XP level 1. HP: 15/15 MP: 3/3
   121 | D:1      | Reached XP level 2. HP: 20/22 MP: 1/4
   142 | D:1      | Learned a level 1 spell: Animate Skeleton
   695 | D:2      | Reached skill level 5 in Necromancy
   695 | D:2      | Reached XP level 3. HP: 28/28 MP: 2/6
   704 | D:2      | Found a white marble altar of Elyvilon.
   980 | D:2      | Learned a level 3 spell: Vampiric Draining
  1991 | D:3      | Found a stormy altar of Qazlal.
  2059 | D:3      | Noticed a scorpion
  2066 | D:3      | Slain by a scorpion

Skill      XL: |  1  2 |
---------------+-------+-----
Spellcasting   | 2 |  2.4
Necromancy     | 5 |  5.2
Dodging        | |  2.4
Stealth        | |  2.6
Unarmed Combat | |  0.3

Action                   || total
-------------------------++-------
Melee: Unarmed           ||    90
 Cast: Pain              ||    38
       Animate Skeleton  ||     6
       Vampiric Draining ||     8
  Use: Scroll            ||     5
       Potion            ||     3
  Eat: Ration            ||     2
Armor: Robe              ||    17
Dodge: Dodged            ||    79
